Map: Oxide LE

Players

BlyOnFire (Bly)

  • Race: Zerg Zerg

GunGFuBanDa - Winner!

  • Race: Protoss Protoss
  • League: Grandmaster

Event: DreamHack SC2 Masters 2021 Summer

VOD

Have the link to the VOD?

Description

Time

  • Played on: May 30, 2021, 11:22 a.m.
  • Length: 30:24

All games in this series

Show
View Real Time Build Order
Export as new Build Order

BlyOnFire Zerg 

Build Orders: Hatch First, Brood Lord Corruptor 

Get SALT Encoding   

  12  0:00  Drone  
  13  0:12  Overlord  
  13  0:16  Drone  
  14  0:30  Drone x2  
  16  0:47  Hatchery  
  15  0:50  Drone  
  15  0:54  Drone  
  15  0:57  Drone  
  18  1:11  Extractor  
  18  1:13  Spawning Pool  
  18  1:17  Drone  
  17  1:21  Drone  
  18  1:27  Drone  
  19  1:41  Drone  
  20  1:52  Overlord  
  20  1:59  Queen x2  
  20  2:00  Zergling x4  
  26  2:10  Drone x2  
  26  2:14  Metabolic Boost  
  28  2:21  Drone x2  
  30  2:36  Hatchery  
  29  2:52  Queen, Overlord  
  29  2:53  Drone x3  
  34  3:05  Drone x2  
  36  3:13  Drone x5  
  36  3:19  Overlord  
  41  3:24  Spore Crawler  
  40  3:30  Queen  
  40  3:32  Queen  
  44  3:36  Overlord  
  44  3:47  Drone x6  
  50  3:51  Overlord  
  50  3:53  Overlord  
  50  3:56  Drone  
  50  4:01  Zergling x6  
  50  4:02  Zergling x4  
  56  4:03  Drone  
  56  4:09  Overlord  
  57  4:12  Spore Crawler  
  57  4:14  Spore Crawler  
  55  4:19  Overlord  
  55  4:27  Overlord  
  55  4:28  Drone x2  
  55  4:29  Extractor  
  55  4:30  Extractor  
  54  4:31  Roach Warren  
  54  4:35  Queen  
  54  4:45  Drone x8  
  61  4:55  Drone x5  
  62  5:11  Zergling x10  
  67  5:14  Lair  
  67  5:17  Zergling x4  
  67  5:18  Drone  
  67  5:19  Drone  
  71  5:31  Drone x6  
  77  5:36  Overlord x2  
  77  5:39  Drone  
  77  5:40  Drone x4, Extractor, Overlord  
  77  5:41  Extractor  
  78  6:01  Queen x2  
  78  6:02  Drone x9  
  90  6:05  Extractor  
  88  6:13  Drone x3  
  88  6:14  Drone, Spire  
  88  6:17  Queen  
  93  6:35  Hatchery  
  93  6:36  Queen  
  94  6:40  Spore Crawler  
  94  6:44  Overlord  
  93  6:51  Overlord x3  
  88  7:20  Glial Reconstitution  
  86  7:27  Corruptor x13  
  86  7:28  Corruptor x2  
  115  7:45  Hatchery  
  115  7:47  Roach x3  
  122  7:51  Roach x5  
  122  7:54  Roach  
  132  8:00  Queen  
  132  8:01  Queen  
  132  8:02  Overlord x2  
  136  8:06  Queen, Evolution Chamber  
  136  8:10  Overlord  
  137  8:30  Roach x6  
  149  8:36  Zerg Missile Weapons Level 1, Overlord x2  
  149  8:40  Overseer  
  149  8:43  Ravager x8  
  149  8:44  Ravager  
  158  8:52  Hatchery  
  158  8:54  Overlord x2  
  157  8:57  Overlord  
  157  9:03  Zergling x2  
  157  9:04  Zergling x22  
  149  9:17  Roach x8  
  158  9:29  Infestation Pit  
  157  9:32  Drone x9  
  157  9:34  Extractor  
  157  9:35  Extractor  
  162  9:56  Drone x3  
  162  9:57  Drone x3  
  168  10:01  Hatchery, Baneling Nest  
  166  10:12  Hive  
  166  10:13  Zergling x26  
  179  10:24  Infestor x2  
  183  10:30  Zerg Melee Weapons Level 1  
  183  10:36  Ravager x9  
  183  10:37  Ravager x5  
  183  10:38  Zergling x6  
  194  10:52  Centrifical Hooks  
  194  10:54  Overlord x2  
  194  11:05  Baneling  
  194  11:06  Baneling x24  
  194  11:23  Spine Crawler x2  
  190  11:38  Ultralisk Cavern  
  188  11:44  Adrenal Glands  
  182  11:58  Zergling x36  
  200  12:01  Greater Spire  
  200  12:28  Zerg Melee Weapons Level 2, Chitinous Plating  
  186  12:38  Corruptor  
  186  12:39  Corruptor x7  
  200  12:48  Baneling  
  200  12:49  Baneling x15  
  188  13:16  Brood Lord x4  
  180  13:34  Brood Lord x3  
  186  13:46  Spine Crawler  
  186  13:48  Spine Crawler  
  184  13:50  Spine Crawler  
  184  13:53  Brood Lord x2  
  185  13:56  Spine Crawler, Brood Lord  
  185  13:57  Spine Crawler  
  185  13:58  Spine Crawler x3  
  185  14:02  Zergling x22  
  193  14:09  Brood Lord x2  
  189  14:26  Corruptor x4  
  189  14:27  Zergling x6  
  176  14:39  Zergling x36  
  189  14:47  Zergling x4  
  189  14:48  Zergling x24  
  188  15:02  Zergling x24  
  188  15:05  Hatchery  
  195  15:24  Zergling x2  
  195  15:25  Zergling x18  
  186  15:38  Corruptor x7  
  180  15:45  Baneling x9  
  175  15:59  Baneling x5  
  175  16:00  Baneling x9  
  151  16:26  Drone x8  
  159  16:37  Baneling  
  159  16:38  Baneling x5  
  159  16:39  Hatchery  
  152  16:43  Drone x3  
  152  16:44  Drone x2  
  152  16:46  Spine Crawler  
  155  16:47  Spore Crawler  
  155  16:49  Infestor  
  155  16:53  Viper x2  
  160  17:28  Hatchery  
  158  17:40  Hatchery  
  156  17:55  Ultralisk x6  
  156  17:58  Anabolic Synthesis  
  192  18:08  Zergling x16  
  192  18:12  Overseer  
  197  18:38  Infestor x2  
  198  19:05  Zergling x4  
  198  19:08  Spore Crawler  
  195  19:10  Extractor x2  
  195  19:12  Hatchery  
  180  19:18  Zergling x24  
  135  19:47  Zergling x14  
  135  19:48  Zergling x2  
  135  19:50  Corruptor  
  135  19:51  Corruptor x3  
  121  20:02  Corruptor  
  121  20:03  Corruptor x3  
  108  20:14  Corruptor x7  
  116  20:40  Ultralisk x3  
  132  20:45  Extractor x2  
  130  20:54  Viper  
  130  20:56  Viper  
  134  21:06  Zergling x16  
  134  21:07  Zergling x10  
  134  21:11  Zergling x6  
  139  21:31  Drone x11  
  122  21:47  Drone  
  122  21:50  Drone x6  
  122  21:52  Infestor  
  131  22:09  Infestor x3  
  137  22:23  Drone x2  
  137  22:24  Drone x4  
  137  22:27  Ultralisk  
  145  22:46  Corruptor x3  
  145  22:47  Corruptor  
  145  22:49  Zergling x2  
  145  22:50  Zergling x8  
  153  23:02  Baneling x7  
  152  23:19  Zergling x38  
  171  23:23  Extractor  
  171  23:25  Spore Crawler  
  162  23:28  Zerg Melee Weapons Level 3  
  162  23:30  Zergling x6  
  162  23:56  Overseer  
  162  23:57  Overseer x2  
  162  24:14  Corruptor x5  
  160  24:26  Overseer  
  160  24:30  Zergling x6  
  160  24:31  Zergling x38  
  180  24:51  Zergling x2  
  180  24:52  Zergling x12  
  184  24:57  Evolution Chamber  
  178  25:05  Spine Crawler  
  178  25:06  Spine Crawler  
  176  25:09  Baneling x8, Spine Crawler  
  176  25:10  Spine Crawler  
  176  25:12  Spine Crawler  
  173  25:24  Spire x2  
  173  25:25  Drone x3  
  174  25:29  Spine Crawler x2, Spore Crawler  
  174  25:31  Spore Crawler  
  153  25:55  Drone  
  153  25:56  Drone x2  
  155  25:59  Ultralisk x2  
  155  26:00  Ultralisk  
  173  26:13  Queen x2  
  177  26:20  Overseer x2  
  177  26:35  Queen  
  177  26:36  Drone x3  
  177  26:39  Spine Crawler, Zerg Flyer Weapons Level 1  
  181  26:43  Spine Crawler  
  180  26:49  Pneumatized Carapace  
  175  27:16  Zergling x24  
  175  27:17  Zergling x12  
  191  27:49  Zergling x20  
  127  28:07  Ultralisk  
  127  28:08  Ultralisk x2  
  114  28:14  Corruptor  
  114  28:19  Corruptor x2  
  82  28:36  Infestor x3  
  86  29:05  Corruptor  
  88  29:14  Hatchery  
  87  29:18  Baneling x7  
  87  29:24  Zergling x4  
Show
View Real Time Build Order
Export as new Build Order

GunGFuBanDa Protoss - Winner!

Build Orders: 1 Gate Expand, Carriers 

Get SALT Encoding   

  12  0:00  Probe  
  13  0:12  Probe  
  14  0:17  Pylon  
  14  0:24  Probe (Chrono Boost)  
  15  0:37  Probe (Chrono Boost)  
  15  0:38  Gateway  
  15  0:42  Probe (Chrono Boost)  
  16  0:49  Assimilator  
  17  0:53  Probe  
  18  1:05  Probe  
  19  1:17  Probe  
  20  1:23  Nexus  
  20  1:33  Cybernetics Core  
  20  1:36  Probe  
  21  1:42  Assimilator  
  21  1:48  Probe  
  21  1:52  Pylon  
  22  2:00  Probe (Chrono Boost)  
  23  2:07  Adept (Chrono Boost)  
  23  2:12  Probe (Chrono Boost)  
  26  2:20  Probe (Chrono Boost)  
  27  2:22  Stargate  
  27  2:28  Probe (Chrono Boost)  
  28  2:30  Warp Gate  
  28  2:35  Probe (Chrono Boost), Adept  
  32  2:45  Probe (Chrono Boost)  
  32  2:47  Probe (Chrono Boost)  
  32  2:51  Probe  
  34  2:54  Probe  
  34  2:58  Void Ray (Chrono Boost)  
  35  3:03  Probe  
  36  3:06  Probe  
  41  3:13  Gateway  
  41  3:15  Probe  
  41  3:18  Probe  
  43  3:21  Pylon  
  43  3:24  Assimilator  
  43  3:27  Probe  
  43  3:30  Probe, Assimilator  
  46  3:42  Probe x2 (Chrono Boost)  
  47  3:53  Probe (Chrono Boost), Fleet Beacon  
  47  3:55  Probe (Chrono Boost)  
  49  3:58  Probe (Chrono Boost)  
  49  4:01  Stargate  
  50  4:03  Probe  
  50  4:09  Probe  
  52  4:15  Probe  
  53  4:17  Pylon  
  53  4:21  Probe  
  53  4:28  Probe  
  54  4:35  Probe  
  55  4:42  Zealot x2  
  59  4:49  Pylon  
  59  4:50  Pylon  
  59  5:02  Nexus  
  59  5:04  Carrier (Chrono Boost)  
  57  5:10  Pylon  
  57  5:11  Carrier (Chrono Boost)  
  57  5:14  Zealot x2  
  69  5:19  Probe x2  
  73  5:24  Pylon  
  73  5:29  Shield Battery  
  73  5:36  Sentry  
  73  5:37  Probe x2  
  73  5:42  Forge  
  77  5:48  Forge  
  77  5:49  Probe x2  
  79  5:50  Adept  
  81  5:57  Pylon  
  81  5:58  Void Ray (Chrono Boost)  
  81  6:01  Probe x2  
  81  6:08  Void Ray (Chrono Boost), Flux Vanes  
  89  6:13  Probe x2  
  89  6:14  Probe  
  92  6:21  Protoss Ground Weapons Level 1  
  92  6:22  Stargate  
  92  6:24  Protoss Air Weapons Level 1  
  93  6:25  Probe x2  
  93  6:30  Probe  
  95  6:35  Void Ray (Chrono Boost)  
  95  6:37  Probe  
  95  6:38  Probe  
  101  6:42  Probe  
  101  6:43  Assimilator  
  102  6:47  Assimilator  
  102  6:59  Probe x2  
  102  7:01  Zealot  
  106  7:06  Pylon  
  106  7:08  Pylon  
  106  7:10  Pylon  
  106  7:13  Twilight Council  
  106  7:15  Probe x2  
  108  7:18  Void Ray x2 (Chrono Boost)  
  108  7:19  Photon Cannon  
  108  7:20  Void Ray (Chrono Boost)  
  108  7:22  Probe  
  109  7:24  Photon Cannon  
  109  7:25  Photon Cannon  
  109  7:27  Probe x2  
  123  7:35  Photon Cannon  
  123  7:36  Photon Cannon  
  123  7:37  Shield Battery  
  123  7:39  Gateway  
  123  7:40  Twilight Council  
  117  7:51  Photon Cannon  
  117  7:52  Void Ray (Chrono Boost), Shield Battery  
  121  7:59  Shield Battery  
  121  8:00  Shield Battery  
  121  8:01  Zealot  
  121  8:02  Pylon  
  127  8:12  Gateway  
  127  8:21  Stalker x2  
  127  8:22  Protoss Ground Weapons Level 2 (Chrono Boost)  
  127  8:29  Blink (Chrono Boost)  
  113  8:37  Gateway  
  113  8:38  Gateway  
  113  8:41  Pylon  
  113  8:44  Gateway  
  113  8:47  Robotics Facility  
  113  8:48  Stalker x3  
  119  8:49  Protoss Ground Armor Level 1 (Chrono Boost)  
  119  8:51  Pylon  
  119  9:03  Shield Battery  
  119  9:07  Shield Battery  
  119  9:09  Stalker  
  116  9:14  Void Ray, Pylon  
  116  9:16  Stalker x3  
  120  9:18  Shield Battery  
  120  9:21  Shield Battery x2  
  122  9:30  Pylon  
  118  9:34  Observer (Chrono Boost)  
  119  9:42  Stalker x7, Robotics Bay  
  133  9:49  Pylon  
  133  9:51  Pylon  
  137  9:52  Immortal (Chrono Boost)  
  137  10:09  Stalker x7  
  151  10:22  Robotics Facility  
  151  10:24  Pylon  
  151  10:39  Disruptor (Chrono Boost)  
  154  10:53  Stalker x7  
  163  11:06  Disruptor, Protoss Ground Weapons Level 3 (Chrono Boost)  
  163  11:07  Charge (Chrono Boost)  
  166  11:27  Nexus  
  166  11:29  Pylon  
  166  11:39  Sentry x2  
  169  11:43  Disruptor, Warp Prism  
  174  11:50  Zealot x5, Protoss Ground Armor Level 2 (Chrono Boost)  
  174  11:52  Gateway  
  184  11:54  Gateway  
  184  11:55  Gateway  
  184  12:01  Nexus  
  184  12:03  Photon Cannon  
  184  12:04  Shield Battery  
  184  12:20  Photon Cannon  
  184  12:22  Shield Battery  
  184  12:24  Templar Archives, Pylon  
  184  12:28  Probe  
  177  12:53  Stalker  
  177  12:54  Stalker x9  
  191  13:04  Probe  
  192  13:09  Probe x2  
  192  13:10  Photon Cannon  
  182  13:20  Stalker x3  
  182  13:26  High Templar  
  182  13:27  High Templar x4  
  192  13:28  High Templar  
  192  13:31  Disruptor (Chrono Boost)  
  192  13:33  Archon x3  
  197  13:42  Disruptor (Chrono Boost)  
  197  13:47  Zealot  
  199  13:54  Photon Cannon  
  199  13:56  Pylon  
  199  14:05  Protoss Shields Level 1 (Chrono Boost)  
  199  14:07  Nexus  
  197  14:10  Pylon  
  195  14:21  Observer  
  189  14:28  Zealot x4  
  195  14:41  Zealot x2  
  198  15:09  Tempest (Chrono Boost)  
  198  15:10  Tempest (Chrono Boost)  
  198  15:15  Zealot  
  198  15:19  Tempest (Chrono Boost)  
  188  15:32  Zealot x8  
  200  15:42  Tempest (Chrono Boost)  
  176  15:43  Tempest (Chrono Boost)  
  176  15:45  Probe x2  
  185  15:50  Protoss Air Weapons Level 2 (Chrono Boost)  
  185  15:54  Tempest (Chrono Boost)  
  190  16:02  Photon Cannon  
  190  16:04  Shield Battery  
  190  16:05  Photon Cannon  
  190  16:08  Psionic Storm  
  188  16:15  Tempest (Chrono Boost)  
  189  16:24  Pylon  
  179  16:47  Assimilator  
  179  16:49  Assimilator  
  179  16:50  Carrier x2 (Chrono Boost)  
  179  16:53  Shield Battery  
  186  17:00  Pylon  
  186  17:01  Carrier (Chrono Boost)  
  191  17:11  High Templar x3  
  197  17:34  Protoss Shields Level 2  
  197  17:45  High Templar  
  198  18:00  Nexus  
  198  18:01  Observer  
  198  18:02  Pylon  
  199  18:11  Pylon  
  199  18:13  Gravitic Boosters (Chrono Boost)  
  199  18:19  Observer  
  199  18:33  Photon Cannon x2  
  179  18:44  Shield Battery  
  179  18:45  Carrier (Chrono Boost)  
  179  18:46  Shield Battery  
  184  18:53  Zealot x4  
  198  18:57  Carrier (Chrono Boost)  
  198  19:01  Assimilator  
  198  19:03  Shield Battery, Gravitic Drive  
  198  19:04  Shield Battery x2  
  198  19:09  Assimilator  
  157  19:51  Zealot x9  
  126  20:03  Carrier  
  128  20:16  Pylon  
  128  20:17  High Templar x3  
  128  20:18  High Templar  
  128  20:19  Nexus  
  135  20:37  Nexus  
  135  20:40  Zealot  
  137  20:43  Dark Shrine  
  137  20:45  Pylon  
  137  20:57  Protoss Air Weapons Level 3 (Chrono Boost)  
  135  21:06  Pylon  
  135  21:09  Assimilator  
  135  21:13  Assimilator  
  129  21:39  Immortal x2  
  133  21:45  Photon Cannon  
  133  21:46  Photon Cannon  
  133  22:00  High Templar x4  
  141  22:06  Archon  
  141  22:07  Archon  
  141  22:20  High Templar  
  143  22:22  Void Ray (Chrono Boost)  
  143  22:32  Void Ray (Chrono Boost)  
  147  22:41  Zealot x4  
  147  22:42  Zealot  
  159  22:50  Nexus  
  159  22:52  Pylon  
  157  23:12  Void Ray x2 (Chrono Boost)  
  156  23:16  Photon Cannon  
  156  23:18  Photon Cannon  
  158  23:20  Photon Cannon  
  154  23:29  Observer  
  154  23:30  Void Ray (Chrono Boost)  
  153  23:48  Shield Battery  
  151  23:49  Pylon  
  151  23:51  Dark Templar  
  151  23:52  Dark Templar  
  151  23:54  Assimilator  
  155  24:04  Probe  
  155  24:06  Zealot  
  150  24:24  Zealot x3  
  150  24:25  Zealot  
  150  24:27  Zealot x5  
  150  24:28  Zealot  
  169  24:36  Probe x5  
  160  24:58  Probe x2  
  154  25:09  Probe x2  
  154  25:10  Probe x2  
  158  25:18  Carrier x2 (Chrono Boost)  
  158  25:19  Carrier (Chrono Boost)  
  176  25:38  Zealot  
  176  25:41  Zealot x4  
  180  25:48  Mothership (Chrono Boost)  
  172  26:00  High Templar  
  174  26:25  Assimilator  
  174  26:26  Nexus  
  174  26:36  Pylon  
  174  27:09  Nexus  
  174  27:11  Pylon  
  172  27:27  High Templar x3  
  172  27:28  High Templar x2  
  172  27:29  High Templar  
  184  27:30  Zealot x4  
  184  27:32  Archon  
  184  27:33  Archon x2  
  184  27:35  Photon Cannon  
  192  27:38  Photon Cannon  
  192  27:39  Observer, Photon Cannon  
  192  27:41  Shield Battery  
  191  27:44  Pylon  
  139  28:10  Void Ray x2 (Chrono Boost)  
  118  28:18  Void Ray (Chrono Boost)  
  119  28:47  Assimilator  
  119  28:49  High Templar x2  
  127  28:56  Immortal (Chrono Boost)  
  127  28:58  Zealot  
  127  28:59  Zealot x3  
  135  29:05  Immortal (Chrono Boost)  
  139  29:18  Dark Templar  
  141  29:29  High Templar x2  
  141  29:30  Zealot x5  
  155  29:33  Zealot x2  
  155  29:36  Archon  
  159  29:52  Probe  
Tags
 
Add a new tag
Caveats
  • Supply blocks, unpowered buildings, or Contaminate may cause inaccurate times.
  • Supply counts are checked every 10 seconds.